cohdb
Replays
Latest Replays
All Replays
Popular Replays
Top Player Replays
Match Explorer
How It Works
Community
CoH3 Stats
Reddit
Sign in to upload your games and track your stats! →
Sign in with Steam
Match 45671292
Unlisted
Match 45671292
Overview
Messages
Build Orders
End
Kradschützen Motorcycle Team
Panzergrenadier Squad
250 Light Carrier
Construct Light Support Kompanie
Selects Armored Support Battlegroup
Kradschützen Motorcycle Team
Combat Half-tracks
Selects Superior Fire Drills
Assault Grenadier Squad
Panzerjäger Squad
Assault Mechanized Group
Steyrc
Boobnik
Seocheon
CalmDownJustAGame
0
0
Comments
sign in to comment!
No comments posted yet!